 Dungeon Crawl Stone Soup version 0.27.1-15-g792fb953b9 (webtiles) character file.

Game seed: 16335364460209554184

2 Descartes the Sneak (level 1, -2/11 HPs)
             Began as a Spriggan Delver on Nov 19, 2021.
             Slain by a hound (3 damage)
             ... on level 5 of the Dungeon.
             The game lasted 00:01:18 (117 turns).

Descartes the Sneak (Spriggan Delver)                Turns: 117, Time: 00:01:19

Health: -2/11      AC:  2    Str:  8    XL:     1   Next: 33%
Magic:  2/2        EV: 17    Int: 11    God:
Gold:   0          SH:  0    Dex: 16    Spells: 0/0 levels left

rFire    . . .     SeeInvis +   a - +0 short sword
rCold    . . .     Faith    .   (shield restricted)
rNeg     . . .     Spirit   .   b - +0 robe
rPois    .         Reflect  .   (helmet restricted)
rElec    .         Harm     .   (no cloak)
rCorr    .         Rampage  .   (gloves unavailable)
Will     .....                  (boots unavailable)
Stlth    ++++......             (no amulet)
HPRegen  0.03/turn              (no ring)
MPRegen  0.08/turn              (no ring)

@: very quick
A: very small, no large weapons, unfitting armour, see invisible, speed 3
a: no special abilities


You were on level 5 of the Dungeon.
You visited 1 branch of the dungeon, and saw 1 of its levels.

Inventory:

Hand Weapons
 a - a +0 short sword (weapon)
Missiles
 h - 4 curare-tipped darts (quivered)
Armour
 b - a +0 robe (worn)
Wands
 g - a wand of digging (3)
Scrolls
 c - a scroll of fog
 d - a scroll of magic mapping
 e - a scroll of fear
Potions
 f - a potion of haste


   Skills:
 + Level 2.4 Fighting
 + Level 2.2 Short Blades
 + Level 2.8 Dodging
 + Level 7.3 Stealth


You couldn't memorise any spells.
You didn't know any spells.
Your spell library was empty.

Dungeon Overview and Level Annotations

Branches:
Dungeon (5/15)
 Temple: D:4-7

Altars:

Annotations:
D:5 exclusion: phantom


Innate Abilities, Weirdness & Mutations

You are very small and have problems with some larger weapons.
You are too small for most types of armour.
You have supernaturally acute eyesight. (SInv)
You cover ground extremely quickly. (Speed+++)


Message History

The scorpion stings you!
Ouch! That really hurt!
* * * LOW HITPOINT WARNING * * *
You are too injured to fight recklessly!
You are too injured to fight recklessly!
You are too injured to fight recklessly!
A scorpion is nearby!
Unknown command.
A scorpion is nearby!
A shadow imp comes into view.
An iguana comes into view.
The iguana hisses angrily.
The shadow imp shouts, "Disclaim thyself, thou foppish ill-breeding ankle-biter!"
You hear a shout!
You hear an angry hiss.
You hear a shout!
You barely miss the shadow imp. The shadow imp misses you.
You barely miss the shadow imp.
An adder comes into view.
The shadow imp misses you. The shadow imp misses you.
An orc comes into view. It is wielding a +0 club.
A centaur skeleton comes into view.
The adder misses you.
The centaur skeleton moves out of view.
An orc comes into view. It is wielding a +0 trident.
Found a brown potion.
A hound skeleton comes into view.
An orc wizard comes into view. It is wielding a +0 dagger.
The orc wizard shouts!
The orc shouts!
A hound comes into view.
An orc wizard comes into view. It is wielding a +0 dagger.
The hound barks!
Found two stone staircases leading up.
The shadow imp gestures at you.
You barely resist. The orc barely misses you.
Found 7 gold pieces.
A water moccasin zombie comes into view.
The hound skeleton bites you.
* * * LOW HITPOINT WARNING * * *
The hound completely misses you. The orc barely misses you.
The hound bites you.
You die...

. .## .. ..... .<.##
###.# .....####
#..#####....## .........
.............
.........###............
........Z.5#.#oo........
...##..##.S.............
.#o....#5.###.oZ@..<....
..Z.o..o.## ##.h........
##.###.S## #Z###..####
o....s#.# #.. .##
......#.## #... #
.........# ...##
.....##.... .#.$
..#####..## #. ## ..#
#.## ##


You could see a hound, 2 orc wizards, an adder, a shadow imp, an orc, a water
moccasin zombie and a hound skeleton.

Vanquished Creatures
  2 jackals (D:5)
2 creatures vanquished.

Notes
Turn   | Place    | Note
-------+----------+-------------------------------------------
     0 | D:5      | Descartes the Spriggan Delver began the quest for the Orb.
     0 | D:5      | Reached XP level 1. HP: 11/11 MP: 2/2
     6 | D:5      | Noticed a phantom
    74 | D:5      | Noticed a scorpion
    96 | D:5      | Noticed an iguana
   112 | D:5      | Noticed an orc wizard
   112 | D:5      | Noticed a hound
   112 | D:5      | Noticed an orc wizard
   114 | D:5      | Noticed a water moccasin zombie
   117 | D:5      | Slain by a hound

Illustrated notes

Levels and vault maps discovered:
D:5:      layout_rooms, serial_shops, nicolae_take_the_stairs,
          kennysheep_crisscross, minivault_5

Action                   || total
-------------------------++-------
Melee: Short sword       ||    21
Armor: Robe              ||     2
Dodge: Dodged            ||    27
